 Dungeon Crawl Stone Soup version 0.29-a0-997-gf6f7e2dfe7 (webtiles) character file.

Game seed: 15045789810819332164

11057 leavemydog the Severer (level 11, -24/97 HPs)
             Began as a Hill Orc Fighter on Aug 3, 2022.
             Was a Believer of Kikubaaqudgha.
             Annihilated by a large slime creature (29 damage)
             ... on level 12 of the Dungeon on Aug 4, 2022.
             The game lasted 00:30:03 (11044 turns).

leavemydog the Severer (Hill Orc Fighter)          Turns: 11044, Time: 00:30:05

Health: -24/97     AC: 12    Str: 22    XL:     11   Next: 71%
Magic:  17/17      EV: 10    Int: 10    God:    Kikubaaqudgha [**....]
Gold:   697        SH:  5    Dex: 10    Spells: 12/18 levels left

rFire   . . .      SeeInvis .   a - +2 war axe (vorpal)
rCold   . . .      Faith    .   c - +0 buckler
rNeg    . . .      Spirit   .   j - +0 acid dragon scales
rPois   .          Reflect  .   w - +1 helmet
rElec   .          Harm     .   g - +0 cloak
rCorr   +          Rampage  .   x - +0 pair of gloves
Will    .....                   (no boots)
Stlth   +.........              y - amulet of regeneration
HPRegen 1.06/turn               d - ring of resist corrosion
MPRegen 0.15/turn               (no ring)

@: no status effects
A: no striking features
a: Renounce Religion, Unearth Wretches


You were on level 12 of the Dungeon.
You worshipped Kikubaaqudgha.
Kikubaaqudgha was pleased with you.
You visited 2 branches of the dungeon, and saw 13 of its levels.
You also visited: Ossuary.

You collected 697 gold pieces.

Inventory:

Hand Weapons
 a - a +2 vorpal war axe (weapon)
 E - a +3 mace
Missiles
 b - a throwing net (quivered)
Armour
 c - a +0 buckler (worn)
 e - a +2 leather armour of willpower
 g - a +0 cloak (worn)
 j - +0 acid dragon scales (worn)
 w - a +1 helmet (worn)
 x - a +0 pair of gloves (worn)
Jewellery
 d - a ring of resist corrosion (left hand)
 s - an amulet of reflection
 y - an amulet of regeneration (around neck)
Wands
 m - a wand of flame (15)
 F - a wand of polymorph (7)
 I - a wand of iceblast (4)
 J - a wand of paralysis (2)
Scrolls
 o - 9 scrolls of teleportation
 p - 2 scrolls of vulnerability
 r - a scroll of poison
 t - 2 scrolls of brand weapon
 u - a scroll of silence
 A - a scroll of magic mapping
 B - a scroll of immolation
 C - a scroll of fear
 D - 3 scrolls of fog
 K - a scroll of noise {unknown}
 L - 2 scrolls of amnesia {unknown}
Potions
 f - a potion of curing
 h - a potion of magic {unknown}
 i - 2 potions of flight
 k - 4 potions of ambrosia
 l - a potion of invisibility {unknown}
 n - 3 potions of brilliance
 q - a potion of resistance {unknown}
 v - 2 potions of haste {unknown}
 z - 3 potions of cancellation
 H - 4 potions of attraction {unknown}


   Skills:
 + Level 9.3 Fighting
 - Level 16.0 Axes
 + Level 6.3 Armour
 + Level 6.3 Shields
 * Level 4.1 Spellcasting
 * Level 5.6 Necromancy
 * Level 2.9 Translocations
 - Level 0.5 Evocations


You had 12 spell levels left.
You knew the following spells:

 Your Spells              Type           Power      Damage    Failure   Level
a - Vampiric Draining     Necr           13%        2d6       12%         3
b - Lesser Beckoning      Tloc           8%         N/A       34%         3

Your spell library contained the following spells:

 Spells                   Type           Power      Damage    Failure   Level
 Necrotise                Necr           52%        1d6       4%          1
 Sublimation of Blood     Necr           13%        N/A       6%          2
 Apportation              Tloc           16%        N/A       12%         1
 Gell's Gravitas          Tloc           8%         N/A       34%         3
 Teleport Other           Tloc           8%         N/A       34%         3
 Summon Small Mammal      Summ           8%         N/A       36%         1
 Animate Dead             Necr           13%        N/A       36%         4
 Poisonous Vapours        Pois/Air       4%         N/A       52%         2
 Call Canine Familiar     Summ           2%         N/A       75%         3
 Summon Guardian Golem    Hex/Summ       2%         N/A       75%         3
 Anguish                  Hex/Necr       3%         N/A       77%         4
 Corpse Rot               Necr/Pois/Air  5%         N/A       88%         4
 Enfeeble                 Hex            1%         N/A       100%        7


Dungeon Overview and Level Annotations

Branches:
Dungeon (12/15)            Temple (1/1) D:4            Lair (0/5) D:11
    Orc (0/2) D:12        Ossuary (visited)

Altars:
Ashenzari
Cheibriados
Dithmenos
Elyvilon
Fedhas
Gozag
Hepliaklqana
Kikubaaqudgha
Makhleb
Nemelex Xobeh
Okawaru
Qazlal
Ru
Sif Muna
Trog
Uskayaw
Vehumet
Wu Jian
Xom
Yredelemnul
Zin
The Shining One

Portals:
Trove: D:10 (give +7 demon blade)

Annotations:
D:10 Snorg


Message History

The slime creature hits you!
You slash the large slime creature!
The large slime creature is severely wounded.
You hit the slime creature. x2
You slash the large slime creature!
The large slime creature is severely wounded.
You hit the slime creature. x2; The slime creature hits you!
The slime creature hits you.
You hit the large slime creature.
The large slime creature is severely wounded.
You hit the slime creature. You slash the slime creature!
The slime creature hits you but does no damage.
The large slime creature hits you!!
* * * LOW HITPOINT WARNING * * *
The slime creature closely misses you.
You barely miss the large slime creature.
The large slime creature is severely wounded.
You hit the slime creature. You barely miss the slime creature.
You slash the large slime creature!
The large slime creature is almost dead.
You barely miss the slime creature. You hit the slime creature.
The slime creature closely misses you.
The slime creature hits you but does no damage.
The large slime creature hits you!
* * * LOW HITPOINT WARNING * * *
You hit the large slime creature.
The large slime creature is almost dead.
You slash the slime creature! x2; The slime creature barely misses you.
The slime creature hits you!
* * * LOW HITPOINT WARNING * * *
You block the large slime creature's attack.
You slash the slime creature!
You kill the slime creature!
Kikubaaqudgha accepts your kill.
You hit the large slime creature. You completely miss the slime creature.
The slime creature hits you!
* * * LOW HITPOINT WARNING * * *
The large slime creature hits you!!
You die...
Kikubaaqudgha rasps: "You have failed me!
Welcome... death!"

**,,,,,,,*,**,,,,***,,,,,*,,,
*,,,,,........,.....,,,,**,,,
**,,,,,......##.....,,,,,,,,,
****,,,,,*#.............,,,,,,,,
**,***,**,,#..............,,,,,*,
,,,*,,,,,,##...............,,,,*,
,,,,,,,,,,#.!...............,,,,,
,,,,*,,,,,##...JJ...........,,,,,
,,,***,,**#.....@................
*,***,,,*#..#.##................^
*** ***,*,,,*###.................
*,,,,,,,#...................
**,,,*,,##..................
**,,*...........##.........
**,,,,..##.......##.........
*,,,,..,#...................
*,,,,.,,##..................


You could see a large slime creature and a slime creature.

Vanquished Creatures
  Gastronok (D:11)
  2 two-headed ogres
  Erica (D:8)
  A manticore (D:11)
  Maurice (D:12)
  An elephant (D:11)
  A kobold demonologist (D:11)
  A komodo dragon (D:10)
  A troll (D:12)
  2 slime creatures (D:12)
  A wraith (D:11)
  8 yaks (D:10)
  A wyvern (D:11)
  2 basilisks (D:11)
  2 acid dragons
  3 water moccasins
  2 orc warriors
  5 ice beasts
  A sky beast (D:8)
  A centaur (D:9)
  8 kobold brigands
  2 bullfrogs (D:8)
  A scorpion (D:5)
  2 water moccasin zombies (Ossuary)
  5 wights
  16 killer bees
  2 howler monkeys
  2 bullfrog zombies (Ossuary)
  A jelly (D:4)
  2 centaur zombies (Ossuary)
  2 human zombies (Ossuary)
  4 orc priests
  3 hounds
  3 gnoll boudas
  4 iguanas
  Jessica (D:2)
  Ijyb (D:3)
  2 scorpion zombies (Ossuary)
  10 orc wizards
  A mummy (D:6)
  Robin (D:3)
  18 gnolls
  9 adders
  2 adder zombies (Ossuary)
  A worm (D:4)
  7 dart slugs
  31 orcs
  5 ball pythons
  6 endoplasms
  3 giant cockroaches
  13 goblins
  2 hobgoblins
  6 jackals
  4 quokkas
  6 bats
  5 frilled lizards
  2 gnoll zombies (Ossuary)
  A goblin zombie (Ossuary)
  7 hobgoblin zombies (Ossuary)
  27 kobolds
  2 orc zombies (Ossuary)
  6 rats
274 creatures vanquished.

Vanquished Creatures (others)
  An adder (D:6)
  2 fungi (D:11)
  14 plants
17 creatures vanquished.

Grand Total: 291 creatures vanquished

Notes
Turn   | Place    | Note
-------+----------+-------------------------------------------
     0 | D:1      | leavemydog the Hill Orc Fighter began the quest for the
                  | Orb.
     0 | D:1      | Reached XP level 1. HP: 19/19 MP: 1/1
    42 | D:1      | Found a faded altar of an unknown god.
    95 | D:1      | Reached XP level 2. HP: 21/27 MP: 2/2
   197 | D:1      | Reached skill level 3 in Axes
   440 | D:1      | You fall into a shaft and drop 1 floor!
   601 | D:2      | Reached XP level 3. HP: 29/33 MP: 3/3
   658 | D:2      | Noticed Jessica
   663 | D:2      | Killed Jessica
   675 | D:2      | Reached skill level 4 in Axes
   700 | D:2      | Reached XP level 4. HP: 35/40 MP: 4/4
  1754 | D:3      | Noticed Robin
  1776 | D:3      | Killed Robin
  1777 | D:3      | Reached skill level 5 in Axes
  2031 | D:3      | Reached XP level 5. HP: 43/46 MP: 5/5
  2376 | D:3      | Noticed Ijyb
  2385 | D:3      | Killed Ijyb
  2943 | D:4      | Reached skill level 6 in Axes
  2994 | D:4      | Reached XP level 6. HP: 23/53 MP: 6/6
  3305 | D:4      | Found a shimmering blue altar of Sif Muna.
  3617 | D:4      | Reached skill level 7 in Axes
  3979 | D:4      | Found a staircase to the Ecumenical Temple.
  3991 | Temple   | Entered the Ecumenical Temple
  4177 | D:5      | Entered Level 5 of the Dungeon
  4375 | D:5      | Found a stormy altar of Qazlal.
  4404 | D:5      | Noticed a fire elemental
  4404 | D:5      | Noticed a water elemental
  4404 | D:5      | Noticed an air elemental
  4702 | D:5      | Noticed an ice beast
  4709 | D:5      | Killed an ice beast
  4710 | D:5      | Reached skill level 8 in Axes
  4710 | D:5      | Reached XP level 7. HP: 60/60 MP: 7/7
  4946 | D:5      | Reached skill level 5 in Armour
  5274 | D:6      | Reached skill level 9 in Axes
  5298 | D:6      | Reached XP level 8. HP: 40/67 MP: 8/8
  5402 | D:6      | Reached skill level 5 in Fighting
  5402 | D:6      | Reached skill level 1 in Necromancy
  5417 | D:6      | Reached skill level 1 in Spellcasting
  5431 | D:6      | Found a sand-covered staircase.
  5442 | Ossuary  | Entered an ossuary
  5487 | Ossuary  | Reached skill level 10 in Axes
  5623 | Ossuary  | Noticed a silent spectre
  5697 | D:6      | Reached skill level 11 in Axes
  5699 | D:6      | Reached XP level 9. HP: 74/74 MP: 11/11
  5740 | D:6      | Found a shadowy altar of Dithmenos.
  5902 | D:6      | Found a shimmering altar of Xom.
  5903 | D:6      | Noticed an angel
  5908 | D:6      | Found a glowing silver altar of Zin.
  6013 | D:6      | Found a glowing golden altar of the Shining One.
  6706 | D:7      | Reached skill level 12 in Axes
  7553 | D:8      | Found a sacrificial altar of Ru.
  7556 | D:8      | Found a white marble altar of Elyvilon.
  7556 | D:8      | Found a bloodstained altar of Trog.
  7579 | D:8      | Noticed Erica
  7592 | D:8      | Killed Erica
  7593 | D:8      | Reached skill level 13 in Axes
  7593 | D:8      | Reached skill level 5 in Shields
  7887 | D:8      | Found an opulent altar of Gozag.
  7901 | D:8      | Reached XP level 10. HP: 74/84 MP: 13/13
  7914 | D:8      | Found an ancient bone altar of Kikubaaqudgha.
  7947 | D:8      | Became a worshipper of Kikubaaqudgha
  8264 | D:9      | Found a hazy altar of Hepliaklqana.
  8354 | D:9      | Reached * piety under Kikubaaqudgha
  8354 | D:9      | Received a gift from Kikubaaqudgha
  8369 | D:9      | Upgraded the game from 0.29-a0-994-gc5c9f59d18 to
                  | 0.29-a0-997-gf6f7e2dfe7
  8400 | D:9      | Reached skill level 14 in Axes
  8681 | D:10     | Entered Level 10 of the Dungeon
  8886 | D:10     | Reached skill level 1 in Translocations
  9036 | D:10     | Reached ** piety under Kikubaaqudgha
  9044 | D:10     | Reached skill level 15 in Axes
  9116 | D:10     | Learned a level 3 spell: Vampiric Draining
  9122 | D:10     | Learned a level 3 spell: Lesser Beckoning
  9155 | D:10     | Noticed Snorg
  9363 | D:11     | Noticed Gastronok
  9411 | D:11     | Killed Gastronok
  9412 | D:11     | Reached XP level 11. HP: 64/94 MP: 14/16
  9447 | D:11     | Found a staircase to the Lair.
  9484 | D:11     | Noticed a soul eater
  9899 | D:10     | Found a portal to a secret trove of treasure.
  9933 | D:10     | Reached skill level 16 in Axes
 10311 | D:11     | Noticed a manticore
 10323 | D:11     | Killed a manticore
 10394 | D:11     | Noticed a two-headed ogre
 10417 | D:11     | Noticed a sixfirhy
 10421 | D:11     | Killed a two-headed ogre
 10422 | D:11     | Reached skill level 5 in Necromancy
 10667 | D:12     | Noticed Maurice
 10679 | D:12     | Killed Maurice
 10694 | D:12     | Found a staircase to the Orcish Mines.
 10876 | D:12     | Noticed a two-headed ogre
 10887 | D:12     | Killed a two-headed ogre
 11044 | D:12     | Annihilated by a large slime creature

Illustrated notes

Levels and vault maps discovered:
D:1:      spicycebolla_green_bress_n_ham_2, layout_rooms,
          ebering_ecumenical_altar_ruins, serial_bayou_lake_a
D:2:      layout_basic, uniq_jessica
D:3:      layout_basic, uniq_ijyb, uniq_robin
D:4:      layout_basic, tgw_sif, minmay_temple_entry_fiery, serial_bayou_pond_a
D:5:      layout_loops_corners, nicolae_qazlal_style_of_elements
D:6:      layout_cave_pools, grunt_temple_overflow_order_and_chaos_1,
          grunt_dithmenos_smoke, tso_altar, serial_column_ruins,
          column_ruins_open_small, column_ruins_grid_1,
          column_ruins_columns_straight, gup_ossuary_entry_pyramid,
          corexii_checkpoint_a
D:7:      layout_layer_cave, minivault_24
D:8:      layout_basic, grunt_temple_overflow_open, serial_park_tiny_pond,
          uniq_erica
D:9:      layout_roguey, nicolae_hepliaklqana_hazy_memory
D:10:     layout_cave_pods, nicolae_trove_entry_columns, uniq_snorg
D:11:     layout_rooms, david_lair_generic, gauntlet_entry_generic,
          uniq_gastronok
D:12:     layout_cave_pools, orc_0_dummy, uniq_maurice
Temple:   nicolae_temple_two_arcs

Skill      XL: |  1  2  3  4  5  6  7  8  9 10 11 |
---------------+----------------------------------+-----
Axes           | 3 4 5 6 8 9 11 13 15 16 | 16.0
Fighting       | 4 5 6 8 9 |  9.3
Armour         | 4 5 6 |  6.3
Shields        | 4 5 6 |  6.3
Necromancy     | 2 3 4 5 |  5.6
Spellcasting   | 1 2 3 4 |  4.1
Translocations | 1 2 |  2.9
Evocations     | |  0.5

Action                   |  1- 3 |  4- 6 |  7- 9 | 10-12 || total
-------------------------+-------+-------+-------+-------++-------
Melee: War axe           |    70 |   199 |   371 |   344 ||   984
Evoke: Wand              |       |       |       |     3 ||     3
  Use: Scroll            |       |     5 |     7 |    15 ||    27
       Potion            |       |       |     4 |     4 ||     8
Armor: Scale mail        |    31 |    89 |   118 |       ||   238
       Leather armour    |       |       |    41 |   103 ||   144
       Acid dragon scale |       |       |       |    10 ||    10
Dodge: Dodged            |    34 |    74 |   147 |   144 ||   399
Block: Buckler           |    15 |    64 |    92 |    66 ||   237

Table legend: (Time is in decaauts)
 A = Elapsed time spent in this place.
 B = Non-inter-level travel time spent in this place.
 C = Inter-level travel time spent in this place.
 D = Time resting spent in this place.
 E = Time spent auto-exploring this place.
 F = Levels seen in this place.
 G = Mean time per level.
                   A        B        C        D        E       F      G
               +--------+--------+--------+--------+--------+-----+--------+
         Total |  11126 |  10693 |    433 |   1351 |   7218 |  14 |  794.7 |
       Dungeon |  10782 |  10356 |    426 |   1351 |   7021 |  12 |  898.5 |
        Temple |    117 |    110 |      7 |      0 |    104 |   1 |  117.0 |
       Ossuary |    226 |    226 |      0 |      0 |     93 |   1 |  226.0 |
               +--------+--------+--------+--------+--------+-----+--------+

Top non-repeatable levels by time:
     D:3: 1356 daAuts
     D:7: 1300 daAuts
    D:10: 1296 daAuts
     D:4: 1156 daAuts
     D:5: 1130 daAuts
     D:1: 852 daAuts
     D:2: 799 daAuts
     D:8: 691 daAuts
    D:11: 664 daAuts
     D:6: 637 daAuts
     D:9: 535 daAuts
    D:12: 361 daAuts
 Ossuary: 226 daAuts
  Temple: 117 daAuts
